Map: Tours du crépuscule

Players

zidar

  • Race: Zerg Zerg
  • League: Gold
  • Spawn Location: 7:00

Gerts - Winner!

  • Race: Terran Terran
  • League: Platinum
  • Spawn Location: 1:00

VOD

Have the link to the VOD?

Description

Time

  • Played on: June 13, 2016, 3:31 p.m.
  • Length: 11:29
Show
View Real Time Build Order
Export as new Build Order

zidar Zerg 

Build Orders: Hatch First 

Get SALT Encoding   

  12  0:04  Drone  
  13  0:14  Overlord  
  13  0:19  Drone  
  14  0:33  Drone x2  
  16  0:52  Hatchery  
  16  0:53  Drone  
  16  0:59  Extractor, Drone  
  16  1:17  Spawning Pool  
  15  1:19  Drone  
  16  1:28  Drone  
  17  1:59  Drone  
  17  2:04  Queen, Zergling x4  
  17  2:05  Queen  
  23  2:13  Overlord  
  23  2:17  Metabolic Boost  
  22  3:03  Drone x6  
  27  3:13  Roach Warren  
  27  3:15  Zergling x2  
  27  3:22  Drone x3  
  30  3:50  Extractor  
  29  3:56  Drone x7  
  29  4:00  Overlord x4  
  36  4:25  Roach x7  
  50  4:46  Roach x4  
  50  4:49  Ravager x2  
  50  4:50  Ravager  
  61  4:55  Ravager  
  62  5:02  Overlord  
  62  5:03  Drone x6  
  68  5:18  Overlord x3  
  67  5:43  Roach  
  67  5:44  Roach x7  
  57  6:27  Roach  
  57  6:28  Roach x5  
  69  6:35  Lair  
  69  6:44  Extractor  
  66  6:47  Extractor  
  59  6:57  Hatchery  
  59  6:59  Ravager x2  
  59  7:00  Ravager  
  59  7:23  Drone x12  
  71  7:40  Hatchery  
  70  7:58  Roach x6  
  82  8:03  Hatchery  
  81  8:09  Queen  
  81  8:12  Drone x7  
  90  8:16  Glial Reconstitution  
  90  8:30  Overseer  
  90  8:39  Roach x4  
  98  8:42  Overlord x7  
  77  9:12  Ravager x3  
  77  9:13  Ravager  
  81  9:34  Roach x8  
  81  9:35  Roach x7  
  108  9:59  Ravager  
  111  10:00  Ravager x2  
  111  10:34  Drone x5  
Show
View Real Time Build Order
Export as new Build Order

Gerts Terran - Winner!

Build Orders: Reaper Expand 

Get SALT Encoding   

  12  0:01  SCV  
  13  0:13  SCV  
  14  0:18  Supply Depot  
  14  0:25  SCV  
  15  0:38  Refinery  
  15  0:40  SCV  
  16  0:44  Barracks  
  16  0:52  SCV  
  17  1:04  SCV  
  18  1:16  SCV  
  19  1:33  Reaper  
  19  1:38  Orbital Command  
  20  1:44  Command Center  
  20  1:58  Factory  
  20  2:11  Barracks Tech Lab  
  20  2:12  Refinery, Supply Depot  
  20  2:18  Barracks Reactor  
  20  2:22  SCV  
  21  2:34  SCV  
  23  3:05  SCV  
  23  3:06  Factory Tech Lab  
  23  3:11  Starport  
  23  3:13  Orbital Command  
  23  3:17  SCV  
  24  3:25  Marine x2  
  26  3:29  SCV  
  27  3:39  Siege Tank  
  27  3:40  SCV  
  31  3:42  SCV  
  31  3:45  Refinery  
  31  3:46  Marine  
  31  3:47  Marine  
  34  3:49  Medivac  
  34  3:52  SCV  
  34  3:54  SCV  
  38  3:57  Command Center  
  38  4:04  SCV  
  38  4:07  SCV  
  40  4:14  Siege Tank  
  40  4:17  SCV  
  44  4:20  Supply Depot  
  44  4:22  SCV  
  45  4:25  Liberator  
  45  4:29  SCV  
  46  4:37  Refinery  
  46  4:42  SCV x2  
  51  4:53  Supply Depot  
  51  4:54  SCV x2  
  51  4:59  Fusion Core  
  53  5:07  Engineering Bay  
  53  5:10  Liberator  
  53  5:16  SCV  
  54  5:21  Command Center  
  57  5:30  Factory  
  57  5:37  SCV x2  
  57  5:38  Missile Turret  
  59  5:56  Starport  
  55  6:28  Starport Tech Lab  
  55  6:34  Planetary Fortress  
  55  6:40  Orbital Command  
  55  6:41  Missile Turret, SCV x2  
  55  6:42  Missile Turret  
  55  6:43  Starport Reactor, Missile Turret  
  55  6:45  Missile Turret  
  57  6:53  SCV  
  58  6:56  Liberator  
  58  6:58  Advanced Ballistics  
  58  7:00  SCV  
  59  7:03  Refinery  
  59  7:04  Liberator x2  
  59  7:05  SCV  
  59  7:06  Refinery  
  64  7:12  Missile Turret  
  64  7:14  Widow Mine x2  
  73  7:31  Armory  
  73  7:39  Liberator  
  74  8:14  Liberator x2, Orbital Command  
  74  8:23  SCV x3  
  83  8:35  SCV  
  84  8:47  SCV  
  85  8:53  SCV x2  
  87  8:59  SCV  
  88  9:03  SCV  
  88  9:05  SCV x2  
  91  9:11  SCV  
  92  9:19  Command Center, Supply Depot  
  92  9:22  Supply Depot  
  92  9:25  Sensor Tower  
  92  9:31  Starport  
  92  9:32  Starport x2  
  92  9:34  Starport  
  92  9:37  Missile Turret  
  92  9:41  SCV x4  
  92  9:42  Liberator x2  
  92  9:45  Supply Depot  
  96  9:46  Command Center  
  96  9:47  Command Center  
  96  9:51  Medivac  
  95  9:53  SCV x4  
  105  10:05  SCV x3  
  105  10:06  SCV  
  115  10:14  Supply Depot  
  115  10:16  Widow Mine x2  
  115  10:17  Widow Mine, SCV, Supply Depot  
  115  10:19  Armory  
  116  10:41  Supply Depot  
  116  10:42  Planetary Fortress  
  118  10:45  Widow Mine  
  118  10:48  Starport Tech Lab x4  
Tags
 
Add a new tag
Caveats
  • Supply blocks, unpowered buildings, or Contaminate may cause inaccurate times.
  • Supply counts are checked every 10 seconds.